 Dungeon Crawl Stone Soup version 0.21.1-1-g345015f (webtiles) character file.

169 bmj180 the Chopper (level 5, -1/47 HPs)
             Began as a Hill Orc Fighter on July 13, 2018.
             Slain by Menkaure (17 damage)
             ... on level 4 of the Dungeon.
             The game lasted 00:06:13 (2887 turns).

bmj180 the Chopper (Hill Orc Fighter)               Turns: 2887, Time: 00:06:13

Health: -1/47      AC:  8    Str: 25    XL:     5   Next: 50%
Magic:  5/5        EV: 10    Int:  8    God:
Gold:   170        SH:  4    Dex: 10    Spells: 4/4 levels left

rFire    . . .     SeeInvis .   a - +0 war axe
rCold    . . .     Gourm    .   g - +0 buckler
rNeg     . . .     Faith    .   b - +0 scale mail
rPois    .         Spirit   .   (no helmet)
rElec    .         Reflect  .   (no cloak)
rCorr    .         Harm     .   (no gloves)
MR       .....                  h - +0 pair of boots
Stlth    ..........             (no amulet)
HPRegen  0.15/turn              j - ring of loudness (curse)
MPRegen  0.09/turn              (no ring)

@: mighty
A: no striking features
a: no special abilities


You were on level 4 of the Dungeon.
You were hungry.

You visited 1 branch of the dungeon, and saw 4 of its levels.

You collected 170 gold pieces.

Inventory:

Hand Weapons
 a - a +0 war axe (weapon)
 l - a +4 hand axe
 x - a +1 mace of crushing
 C - a +0 flail
Missiles
 k - 6 steel javelins (quivered)
 z - 5 tomahawks
Armour
 b - a +0 scale mail (worn)
 c - a +0 shield
 g - a +0 buckler (worn)
 h - a +0 pair of boots (worn)
 n - a +0 chain mail
 E - a +2 leather armour of poison resistance
Jewellery
 j - a cursed ring of loudness (left hand)
Wands
 v - a wand of flame (18)
 w - a wand of acid (6)
Scrolls
 i - a scroll of teleportation {unknown}
 m - a scroll of fog {unknown}
 q - a scroll of remove curse {unknown}
 r - a scroll of fear {unknown}
 s - 5 scrolls of identify {unknown}
 u - a scroll of blinking {unknown}
 y - a scroll of amnesia {unknown}
 A - a scroll of noise {unknown}
Potions
 d - a potion of might
 f - a potion of degeneration {unknown}
 o - 2 potions of heal wounds {unknown}
 p - 3 potions of curing {unknown}
 t - a potion of ambrosia {unknown}
 B - a potion of mutation {unknown}
Comestibles
 e - 5 rations
 D - 13 chunks of flesh


   Skills:
 + Level 4.3 Fighting
 + Level 4.6 Axes
 + Level 4.1 Armour
 * Level 1.6 Dodging
 + Level 3.8 Shields


You had 4 spell levels left.
You didn't know any spells.

Dungeon Overview and Level Annotations

Branches:
Dungeon (4/15)
 Temple: D:4-7

Altars:
Cheibriados
Uskayaw

Annotations:
D:4 Menkaure


Message History

Menkaure gestures wildly while chanting.
Menkaure seems to speed up.
You slash Menkaure!
Menkaure is moderately damaged.
Menkaure hits you!! You block Menkaure's attack.
You closely miss Menkaure.
Menkaure is moderately damaged.
Menkaure hits you!
You are too injured to fight recklessly!
You are too injured to fight recklessly!
You are too injured to fight recklessly!
You are too injured to fight recklessly!
You are too injured to fight recklessly!
You are too injured to fight recklessly!
You are too injured to fight recklessly!
You are too injured to fight recklessly!
You slash Menkaure!
Menkaure is almost destroyed.
Menkaure hits you!
You die...

.........#
......$..#
.........#
.........#
.........#
.........
........#
.......<+
.......@#
#######M#
#.# #.#
#.# #.#
#.# #.#


You could see Menkaure.

Vanquished Creatures
  4 gnolls (D:2)
  4 adders
  2 oozes (D:3)
  A worm (D:3)
  3 leopard geckos
  2 orcs (D:3)
  A ball python (D:1)
  8 bats
  4 giant cockroaches
  9 goblins
  8 hobgoblins
  12 jackals
  3 frilled lizards
  10 kobolds
  5 rats
76 creatures vanquished.

Notes
Turn   | Place    | Note
-------+----------+-------------------------------------------
     0 | D:1      | bmj180 the Hill Orc Fighter began the quest for the Orb.
     0 | D:1      | Reached XP level 1. HP: 19/19 MP: 1/1
    70 | D:1      | Reached XP level 2. HP: 27/27 MP: 2/2
   302 | D:1      | Reached XP level 3. HP: 23/33 MP: 3/3
   549 | D:2      | You fall through a shaft!
   655 | D:2      | Reached skill level 1 in Dodging
   662 | D:2      | Reached XP level 4. HP: 11/40 MP: 4/4
   925 | D:2      | Found a snail-covered altar of Cheibriados.
  1679 | D:2      | You fall through a shaft!
  1804 | D:3      | Found a hide-covered altar of Uskayaw.
  1952 | D:2      | Reached XP level 5. HP: 44/46 MP: 5/5
  2882 | D:4      | Noticed Menkaure
  2887 | D:4      | Slain by Menkaure

Skill      XL: |  1  2  3  4 |
---------------+-------------+-----
Axes           | 3 4 |  4.6
Fighting       | 4 |  4.3
Dodging        | 1 |  1.6
Armour         | 4 |  4.1
Shields        | |  3.8

Action                   |  1- 3 |  4- 6 || total
-------------------------+-------+-------++-------
Melee: War axe           |   124 |   172 ||   296
  Use: Potion            |       |     1 ||     1
  Eat: Chunk             |       |     3 ||     3
       Ration            |       |     1 ||     1
Armor: Scale mail        |    92 |    71 ||   163
Dodge: Dodged            |    72 |    96 ||   168
Block: Buckler           |    37 |    43 ||    80
       Shield            |     2 |       ||     2
